 Dungeon Crawl Stone Soup version 0.29.1-13-g9f3cf754e1 (webtiles) character file.

Game seed: 8728238564747042876

193 benadryl the Ruffian (level 5, -2/53 HPs)
             Began as a Troll Fighter on Jan 22, 2023.
             Killed from afar by Robin (9 damage)
             ... with a puff of flame
             ... on level 3 of the Dungeon.
             The game lasted 00:06:27 (2320 turns).

benadryl the Ruffian (Troll Fighter)                Turns: 2320, Time: 00:06:28

Health: -2/53      AC:  4    Str: 26    XL:     5   Next: 43%
Magic:  4/4        EV:  8    Int:  4    God:
Gold:   177        SH:  7    Dex:  9    Spells: 4/4 levels left

rFire   . . .      SeeInvis .     - Unarmed
rCold   . . .      Faith    .   b - +0 kite shield
rNeg    . . .      Spirit   .   a - +0 robe
rPois   .          Reflect  .   (helmet restricted)
rElec   .          Harm     .   (no cloak)
rCorr   .          Rampage  .   (gloves unavailable)
Will    .....                   (boots unavailable)
Stlth   +.........              (no amulet)
HPRegen 0.97/turn               (no ring)
MPRegen 0.09/turn               (no ring)

@: mighty, hasted, very quick
A: large, unfitting armour, claws 3, regeneration 1, shaggy fur 1, tough skin 1
a: no special abilities


You were on level 3 of the Dungeon.
You visited 1 branch of the dungeon, and saw 3 of its levels.

You collected 177 gold pieces.

Inventory:

Armour
 a - a +0 robe (worn)
 b - a +0 kite shield (worn)
Wands
 n - a wand of charming (1)
Scrolls
 d - 2 scrolls of identify {unknown}
 e - 2 scrolls of poison {unknown}
 g - a scroll of teleportation {unknown}
 i - a scroll of noise {unknown}
 m - a scroll of enchant armour {unknown}
Potions
 f - 2 potions of haste
 h - a potion of degeneration {unknown}
 j - a potion of ambrosia {unknown}
 k - a potion of attraction {unknown}
 l - 2 potions of curing {unknown}


   Skills:
 + Level 3.5 Fighting
 - Level 2.4 Dodging
 - Level 2.6 Shields
 * Level 4.8 Unarmed Combat


You had 4 spell levels left.
You didn't know any spells.
Your spell library contained the following spells:

 Spells                   Type           Power      Damage    Failure   Level
 Sandblast                Erth           0%         2d4       80%         1
 Passwall                 Tmut/Erth      0%         N/A       91%         2
 Stone Arrow              Conj/Erth      0%         3d7       99%         3
 Summon Guardian Golem    Hex/Summ       0%         N/A       99%         3
 Summon Forest            Summ/Tloc      0%         N/A       100%        5
 Eringya's Noxious Bog    Tmut/Pois      0%         N/A       100%        6
 Orb of Destruction       Conj           0%         9d5       100%        7
 Spellforged Servitor     Conj/Summ      0%         N/A       100%        7
 Summon Hydra             Summ           0%         N/A       100%        7


Dungeon Overview and Level Annotations

Branches:
Dungeon (3/15)

Altars:
Trog

Annotations:
D:3 Robin


Innate Abilities, Weirdness & Mutations

You are too large for most types of armour.
You have claws for hands.
Your natural rate of healing is unusually fast.
You are covered in fur. (AC +1)
You have tough skin. (AC +1)


Message History

Okay, then.
Okay, then.
The goblin unwields a +0 club.
The goblin wields a +0 sling.
The goblin shoots a sling bullet.
The sling bullet hits you.
* * * LOW HITPOINT WARNING * * *
Okay, then.
You feel very mighty all of a sudden. The goblin hits you but does no damage.
The goblin no longer looks unusually strong.
Robin throws the goblin at you!
A goblin comes into view. It is wielding a +0 club.
The goblin barely misses you.
The goblin shoots a sling bullet.
The sling bullet hits you but does no damage.
The goblin no longer looks unusually strong.
The goblin hits you with a +0 club.
* * * LOW HITPOINT WARNING * * *
Robin throws the goblin at you!
You claw the goblin!
You kill the goblin!
Things that are here:
a +0 club; a +0 sling Robin throws the goblin at you!
You closely miss the goblin.
The goblin is severely wounded.
The goblin unwields a +0 sling.
The goblin wields a +0 club.
The goblin hits you with a +0 club.
* * * LOW HITPOINT WARNING * * *
You barely miss the goblin.
The goblin is severely wounded.
The goblin hits you with a +0 club.
* * * LOW HITPOINT WARNING * * *
You barely miss the goblin.
The goblin is severely wounded.
You claw the goblin!
You kill the goblin!
Robin throws the goblin at you! The goblin hits you but does no damage.
You claw the goblin!
You kill the goblin!
Robin zaps a wand.
The puff of flame hits you!
You die...

##.......##.##..###.#
#.........#.##..†##.##
+.........'...........
#........<####...##.##
##.......## #......#
##.....## ##.#####
##...## #.# ##)## #.#
#@# #.# #)# #.# ##
###g###### #.# g.
#........# #.# #.
#..w..##.# #.# #.
#))..###.# #.#
#.###)##)#.####.####.#
#.....†..)...........#
#####.##.######.######


You could see a worm and Robin.

Vanquished Creatures
  Ijyb (D:3)
  3 gnolls (D:3)
  5 adders (D:2)
  4 worms
  A dart slug (D:2)
  5 bats
  4 endoplasms
  6 giant cockroaches
  14 goblins
  8 hobgoblins
  4 jackals (D:3)
  5 quokkas
  6 ball pythons
  5 frilled lizards (D:1)
  4 kobolds
  3 rats
78 creatures vanquished.

Vanquished Creatures (others)
  A wizard (D:3)
1 creature vanquished.

Grand Total: 79 creatures vanquished

Notes
Turn   | Place    | Note
-------+----------+-------------------------------------------
     0 | D:1      | benadryl the Troll Fighter began the quest for the Orb.
     0 | D:1      | Reached XP level 1. HP: 22/22 MP: 0/0
   118 | D:1      | Reached XP level 2. HP: 25/29 MP: 1/1
   448 | D:1      | Reached skill level 3 in Unarmed Combat
   716 | D:1      | Reached XP level 3. HP: 36/36 MP: 2/2
  1063 | D:2      | Reached XP level 4. HP: 45/45 MP: 3/3
  1230 | D:2      | Reached skill level 4 in Unarmed Combat
  1238 | D:2      | Found a faded altar of an unknown god.
  1757 | D:3      | Reached XP level 5. HP: 53/53 MP: 4/4
  1761 | D:3      | Found a bloodstained altar of Trog.
  1762 | D:3      | Noticed a wizard
  1768 | D:3      | Killed a wizard
  2087 | D:3      | Noticed Ijyb
  2110 | D:3      | Killed Ijyb
  2273 | D:3      | Noticed Robin
  2320 | D:3      | Killed from afar by Robin

Illustrated notes

Levels and vault maps discovered:
D:1:      wheals_arrival_shading, layout_basic, serial_aquarium,
          aquarium_bridge_island_small [aquarium_subvault_small_water,
          aquarium_subvault_window, aquarium_subvault_window,
          aquarium_subvault_wall, aquarium_subvault_bridge], aquarium_window_2,
          aquarium_window_corridor_1, aquarium_view_2e, aquarium_view_2b,
          minmay_tall_x
D:2:      minmay_door_path, layout_basic, shapermc_ecumenical_altar_totnotflames
D:3:      layout_loops_corners, trog_wizard, uniq_ijyb, uniq_robin

Skill      XL: |  1  2  3  4 |
---------------+-------------+-----
Unarmed Combat | 3 4 |  4.8
Fighting       | 3 |  3.5
Dodging        | |  2.4
Shields        | |  2.6

Action                   |  1- 3 |  4- 6 || total
-------------------------+-------+-------++-------
Melee: Unarmed           |   113 |    91 ||   204
  Use: Potion            |       |     2 ||     2
Armor: Robe              |    28 |    36 ||    64
Dodge: Dodged            |    50 |    28 ||    78
Block: Kite shield       |    36 |    40 ||    76
